 Dungeon Crawl Stone Soup version 0.14-a0-1403-g5d3c58f (webtiles) character file.

11723 Dirian the Cleaver (level 11, 0/86 HPs)
             Began as a Minotaur Fighter on Dec 10, 2013.
             Was a High Priest of Okawaru.
             Succumbed to a soldier ant's poison
             ... on Level 11 of the Dungeon.
             The game lasted 00:51:52 (8455 turns).

Dirian the Cleaver (Minotaur Fighter)               Turns: 8455, Time: 00:51:53

HP   0/86        AC 15     Str 25      XL: 11   Next: 48%
MP  10/10        EV  7     Int  5      God: Okawaru [*****.]
Gold 323         SH 24     Dex  9      Spells:  0 memorised, 10 levels left

rFire  . . .     SeeInvis +     g - +9,+11 hand axe of the Big Bang {flame, rC+}
rCold  + . .     Clarity  +     F - +0 chain mail
rNeg   . . .     Conserve .     c - +0 shield
rPois  .         rCorr    .     O - +0 cap
rElec  .         rRot     .     s - +0 cloak
SustAb . .       Spirit   .     (no gloves)
rMut   .         Warding  .     p - +0 pair of boots
Saprov . . .     Stasis   .     r - amulet of clarity
                                y - ring of protection from magic
                                u - cursed ring of see invisible

@: very poisoned, heroism, quite resistant to hostile enchantments, extremely
unstealthy
A: retaliatory headbutt, horns 2, talons 1
a: Heroism, Finesse, Renounce Religion


You were on level 11 of the Dungeon.
You worshipped Okawaru.
Okawaru was extremely pleased with you.
You were hungry.

You visited 2 branches of the dungeon, and saw 12 of its levels.

You collected 653 gold pieces.
You spent 330 gold pieces at shops.

Inventory:

Hand weapons
 a - a +1,+0 halberd of freezing
 e - a -1,+3 orcish vampiric long sword
 g - the +9,+11 hand axe of the Big Bang (weapon) {flame, rC+}
   (You found it on level 8 of the Dungeon)

   It emits flame when wielded, causing extra injury to most foes and up to
   double damage against particularly susceptible opponents.
   Big, fiery blades are also staple armaments of hydra-hunters.
   It protects you from cold.
 h - a +2,+2 battleaxe
 n - a +3,+0 glaive of chopping
 w - a +1,+3 orcish falchion
 E - the +7,+8 hand axe "Tanien" {speed, Int+1}
   (You bought it in a shop on level 10 of the Dungeon)

   Attacks with this weapon take half as long, but cause slightly less damage.
   It affects your intelligence (+1).
 N - a +2,+2 orcish dagger of draining
Armour
 c - a +0 shield (worn)
 p - a +0 pair of boots (worn)
 s - a +0 cloak (worn)
 F - a +0 chain mail (worn)
 K - a +0 chain mail
 O - a +0 cap (worn)
Magical devices
 j - a wand of lightning (5)
 l - a wand of cold (6)
 q - a wand of digging (17)
 t - a wand of flame (9)
 C - a wand of fireball (4)
 D - a wand of slowing (8) {unknown}
 H - a wand of lightning (6)
 M - a wand of fireball (3)
 R - a wand of teleportation (5)
Comestibles
 d - 6 bread rations
 i - a chunk of worker ant flesh
 m - 2 oranges
 o - 2 meat rations
 v - 22 grapes
 z - 6 honeycombs
 G - 6 cheeses
 L - 3 chunks of worker ant flesh
Scrolls
 b - 2 scrolls of identify
 x - 3 scrolls of fog
 A - 3 scrolls of remove curse
Jewellery
 f - an uncursed amulet of rage
 r - an amulet of clarity (around neck)
 u - a cursed ring of see invisible (left hand)
 y - a ring of protection from magic (right hand)
 B - an uncursed ring of sustenance
Potions
 k - a potion of restore abilities
 I - a potion of porridge


   Skills:
 - Level 5.0(10.0) Fighting
 - Level 12.0(17.0) Long Blades
 - Level 14.8(19.8) Axes
 * Level 6.2(11.2) Armour
 - Level 5.1(10.1) Shields
 + Level 3.3 Invocations
 - Level 3.4 Evocations


You had 10 spell levels left.
You didn't know any spells.

Dungeon Overview and Level Annotations

Branches:
Dungeon (11/16)            Temple (1/1) D:7            Lair (0/8) D:11
    Orc: D:9-12

Altars:
Ashenzari
Cheibriados
Elyvilon
Fedhas
Kikubaaqudgha
Makhleb
Nemelex Xobeh
Okawaru
Sif Muna
Trog
Vehumet
Xom
Yredelemnul
Zin
the Shining One

Shops:
D:10 (!(+(

Annotations:
D:3 1 exclusion
D:11 1 exclusion


Innate Abilities, Weirdness & Mutations

You reflexively headbutt those who attack you in melee.
You have a pair of horns on your head.
You have sharp toenails.


Message History

Okay, then.
Unknown command.
You start resting.
* * * LOW HITPOINT WARNING * * *
You feel sick.
Dmg: -2%(-1hp) hp: 7%(6hp)
You start resting.
* * * LOW HITPOINT WARNING * * *
You feel very sick.
Huge Dmg: -3%(-3hp) hp: 4%(3hp)
You start resting.
* * * LOW HITPOINT WARNING * * *
You feel sick.
Huge Dmg: -1%(-1hp) hp: 3%(2hp)
You start resting.
* * * LOW HITPOINT WARNING * * *
You feel sick.
Unknown command.
You start resting.
You die...

##.....#####.......#..####*.#
##...................***,,##
#..................#,,,,,,*
##.................##,,,,,,
#.##...............#,,.,,,
##*###......#.....#*#a.,,*
##.....#..#..#..a.,**
#.....#..#...##*****
##@...........##**,*
####........?....,,
#....########*** ##...# ##.##
###


There were no monsters in sight!

Vanquished Creatures
  The ghost of Drahman the Skirmisher, an experienced DsSk of Okawaru (D:9)
  Erolcha (D:10)
  A hill giant (D:11)
  2 komodo dragons (D:11)
  2 trolls
  Prince Ribbit (D:6)
  2 two-headed ogres
  A basilisk (D:11)
  A wyvern (D:11)
  3 wraiths (D:10)
  A hungry ghost (D:11)
  A hippogriff (D:11)
  3 porcupines (D:11)
  9 soldier ants (D:11)
  2 manticores
  2 necrophages
  5 sky beasts
  A mottled dragon (D:11)
  3 orc warriors
  An ice beast (D:6)
  A black bear (D:11)
  A phantom (D:4)
  6 ogres
  7 centaurs
  A big kobold (D:11)
  A giant slug (D:11)
  A gnoll sergeant (D:9)
  A cyclops zombie (D:11)
  9 giant frogs
  12 wights
  6 killer bees (D:11)
  6 crimson imps
  A centaur zombie (D:8)
  A goliath beetle (D:8)
  A jelly (D:8)
  5 hounds
  9 orc wizards
  A quasit (D:5)
  A gnoll shaman (D:6)
  4 orc priests
  2 scorpions (D:11)
  10 sheep (D:11)
  11 worker ants
  An ogre skeleton (D:6)
  A crocodile skeleton (D:9)
  A mummy (D:10)
  12 gnolls
  10 adders
  2 giant centipedes (D:11)
  2 green rats (D:11)
  A steam dragon zombie (D:6)
  A giant mite (D:4)
  An inept feature mimic (D:3)
  10 worms
  2 adder skeletons
  2 giant eyeballs
  An ooze (D:6)
  44 orcs
  9 bats
  7 goblins
  8 hobgoblins
  12 jackals
  17 kobolds
  6 quokkas
  7 giant cockroaches
  8 giant geckos
  A giant gecko skeleton (D:4)
  A giant gecko zombie (D:9)
  8 giant newts
  A goblin zombie (D:5)
  A hobgoblin skeleton (D:3)
  An orc zombie (D:7)
  25 rats
  A rat skeleton (D:7)
  4 rat zombies (D:7)
349 creatures vanquished.

Vanquished Creatures (others)
  An orc (D:4)
  A giant spore (D:9)
2 creatures vanquished.

Grand Total: 351 creatures vanquished

Notes
Turn   | Place    | Note
--------------------------------------------------------------
     0 | D:1      | Dirian, the Minotaur Fighter, began the quest for the Orb.
     0 | D:1      | Reached XP level 1. HP: 19/19 MP: 1/1
   208 | D:1      | Reached XP level 2. HP: 24/27 MP: 1/1
   253 | D:1      | Reached skill level 4 in Armour
   728 | D:2      | Reached XP level 3. HP: 24/33 MP: 2/2
   767 | D:2      | Found a glowing silver altar of Zin.
  1166 | D:3      | Reached XP level 4. HP: 40/40 MP: 2/2
  1753 | D:3      | Noticed a giant frog
  1758 | D:3      | Killed a giant frog
  1758 | D:3      | Reached skill level 5 in Armour
  1758 | D:3      | Reached XP level 5. HP: 46/46 MP: 2/2
  1838 | D:4      | Reached skill level 5 in Shields
  1969 | D:4      | Noticed a centaur
  1983 | D:4      | Killed a centaur
  1983 | D:4      | Reached skill level 5 in Fighting
  1983 | D:4      | Reached skill level 1 in Evocations
  1983 | D:4      | Reached XP level 6. HP: 44/56 MP: 4/4
  2117 | D:4      | Noticed a phantom
  2148 | D:4      | Killed a phantom
  2148 | D:4      | Reached skill level 5 in Long Blades
  2591 | D:5      | Entered Level 5 of the Dungeon
  2626 | D:5      | Reached skill level 6 in Long Blades
  2693 | D:5      | Found a deep blue altar of Sif Muna.
  2824 | D:5      | Reached XP level 7. HP: 42/61 MP: 4/4
  2898 | D:5      | Reached skill level 7 in Long Blades
  3309 | D:5      | Paralysed by a giant eyeball for 3 turns
  3417 | D:6      | Noticed Prince Ribbit
  3421 | D:6      | Killed Prince Ribbit
  3421 | D:6      | Reached skill level 8 in Long Blades
  3476 | D:6      | Reached XP level 8. HP: 64/68 MP: 5/5
  3507 | D:6      | Reached skill level 9 in Long Blades
  3690 | D:6      | Reached skill level 10 in Long Blades
  4218 | D:6      | Noticed a moth of wrath
  4223 | D:6      | Found a bloodstained altar of Trog.
  4243 | D:6      | Reached skill level 11 in Long Blades
  4537 | D:7      | Found a staircase to the Ecumenical Temple.
  4546 | Temple   | Entered the Ecumenical Temple
  4555 | Temple   | Became a worshipper of Warmaster Okawaru
  4775 | D:7      | Reached XP level 9. HP: 63/74 MP: 9/9
  4954 | D:7      | Reached skill level 12 in Long Blades
  5139 | D:7      | Found an ancient bone altar of Kikubaaqudgha.
  5205 | D:8      | Got a crystal hand axe
  5218 | D:8      | Identified the +9,+11 hand axe of the Big Bang {flame, rC+} (You found it on level 8 of the Dungeon)
  5242 | D:8      | Reached skill level 1 in Axes
  5352 | D:8      | Acquired Okawaru's first power
  5533 | D:8      | Reached skill level 5 in Axes
  5624 | D:8      | Gained mutation: You are agile. (Dex +2) [potion of mutation]
  5624 | D:8      | Lost mutation: You are agile. (Dex +2) [potion of mutation]
  5624 | D:8      | Gained mutation: You have sharp toenails. [potion of mutation]
  5704 | D:9      | Paralysed by a giant eyeball for 2 turns
  5790 | D:9      | Noticed Drahman's ghost (experienced DsSk)
  5817 | D:9      | Killed Drahman's ghost
  6313 | D:9      | Reached XP level 10. HP: 77/81 MP: 9/9
  6322 | D:9      | Reached skill level 1 in Invocations
  6449 | D:9      | Reached skill level 10 in Axes
  6534 | D:10     | Entered Level 10 of the Dungeon
  6534 | D:10     | Found Ugualomi's Distillery.
  6589 | D:10     | Bought a potion of heal wounds for 39 gold pieces
  6589 | D:10     | Bought a potion of poison for 13 gold pieces
  6589 | D:10     | Bought a potion of strong poison for 26 gold pieces
  6589 | D:10     | Bought a potion of curing for 26 gold pieces
  6691 | D:10     | Found a bloodstained altar of Trog.
  6710 | D:10     | Found Smaech's Antique Weapon Shoppe.
  6732 | D:10     | Found Aceinop's Book Boutique.
  6787 | D:10     | Found Jerghed's Weapon Boutique.
  6949 | D:10     | Found Qapohik's Antique Weapon Shop.
  6972 | D:10     | Bought an ancient hand axe for 226 gold pieces
  7004 | D:10     | Identified the +7,+8 hand axe "Tanien" {speed, Int+1} (You bought it in a shop on level 10 of the Dungeon)
  7089 | D:11     | Noticed Erolcha
  7101 | D:10     | Killed Erolcha
  7204 | D:11     | Reached skill level 13 in Axes
  7434 | D:11     | Reached XP level 11. HP: 47/86 MP: 10/10
  7434 | D:11     | Acquired Okawaru's second power
  7854 | D:11     | Reached skill level 14 in Axes
  7875 | D:11     | Found a staircase to the Lair.
  8226 | D:11     | Noticed a hill giant
  8254 | D:11     | Killed a hill giant
  8309 | D:11     | Received a gift from Okawaru
  8452 | D:11     | HP: 3/86 [poisoned by a soldier ant]
  8454 | D:11     | HP: 1/86 [poisoned by a soldier ant]
  8455 | D:11     | Succumbed to a soldier ant's poison

Action                   |  1- 3 |  4- 6 |  7- 9 | 10-12 || total
-------------------------+-------+-------+-------+-------++-------
Melee: Falchion          |    87 |   189 |   309 |       ||   585
       Scimitar          |       |       |    19 |       ||    19
       Hand axe          |       |       |   121 |   285 ||   406
Invok: Heroism           |       |       |     1 |    10 ||    11
 Abil: Evoke Berserk Rag |       |     1 |     3 |     1 ||     5
Evoke: Wand              |       |     3 |     5 |     2 ||    10
  Use: Potion            |     4 |     3 |     8 |     4 ||    19
       Scroll            |       |       |    15 |     3 ||    18
